[Event "Team 45 45 League T61"]
[Site "Internet Chess Club"]
[Date "2014.06.14"]
[Round "3"]
[White "Ptzz"]
[Black "lacibacsi"]
[Result "1-0"]
[WhiteElo "2103"]
[BlackElo "1958"]
[Opening "King's Indian: orthodox, Aronin-Taimanov, bayonet attack"]
[ECO "E97"]
[Time "09:57:25"]
[TimeControl "2700+45"]

1. d4 Nf6 2. c4 g6 3. Nc3 Bg7 4. e4 d6 5. Be2 O-O 6. Nf3 e5 7. O-O Nc6 8. d5 Ne7
9. b4 a5 10. Ba3 axb4 11. Bxb4 b6 12. a4 Ne8 13. Nb5 f5 14. Nd2 Nf6 15. f3 Bh6
16. Qb3 Kh8 17. Qd3 f4 18. a5 bxa5 19. Rxa5 Rxa5 20. Bxa5 Ne8 21. c5 Ba6 22. Qa3
Bxb5 23. Bxb5 Qa8 24. Bb4 Qxa3 25. Bxa3 dxc5 26. Bxe8 Rxe8 27. Bxc5 Bf8 28. Rc1
Kg7 29. Ba3 Rc8 30. Nc4 Kf6 31. Bb2 {Black resigns} 1-0

[Event "Team 45 45 League T61"]
[Site "Internet Chess Club"]
[Date "2014.06.14"]
[Round "3"]
[White "arhrid"]
[Black "santiagoelawad"]
[Result "0-1"]
[WhiteElo "1818"]
[BlackElo "1955"]
[Opening "Caro-Kann: Steinitz variation"]
[ECO "B17"]
[Time "16:05:39"]
[TimeControl "2700+45"]

1. e4 c6 2. d4 d5 3. Nc3 dxe4 4. Nxe4 Nd7 5. Bc4 Ngf6 6. Nxf6+ Nxf6 7. Nf3 Bf5
8. c3 e6 9. Qe2 Bg4 10. O-O Be7 11. h3 Bxf3 12. Qxf3 O-O 13. Bg5 Nd5 14. Bxe7
Qxe7 15. Rfe1 Qf6 16. Bxd5 cxd5 17. Qxf6 gxf6 18. Re2 b5 19. f4 f5 20. Kf2 h5
21. Rg1 Kg7 22. g3 Kf6 23. Rc1 Rac8 24. Rec2 Rc6 25. Kf3 Rfc8 26. Ke3 a5 27. h4
Ke7 28. Kd3 Kd6 29. b3 R6c7 30. c4 bxc4+ 31. bxc4 dxc4+ 32. Rxc4 Rxc4 33. Rxc4
Rg8 34. Ra4 Rxg3+ 35. Kc4 Rg4 36. Rxa5 Rxf4 37. Ra7 e5 38. Ra6+ Ke7 39. Kd5 exd4
40. Ke5 Rxh4 41. Kxf5 d3 42. Ra7+ Kd6 43. Ra6+ Kc5 44. Ra5+ Kb4 45. Rd5 Kc3 46.
Kg5 Rd4 47. Rc5+ Kb2 48. Rb5+ Kxa2 49. Ra5+ Kb3 50. Rb5+ Kc4 51. Rb1 d2 52. Rd1
Kd3 53. Kxh5 Ke2 54. Rh1 d1=Q 55. Rxd1 Kxd1 56. Kg5 Rd6 57. Kf5 Ke2 58. Kf4 Re6
59. Kf5 Ke3 60. Kg5 Ke4 61. Kg4 Rg6+ 62. Kh5 Kf4 63. Kh4 Rh6# {White checkmated}
0-1

[Event "Team 45 45 League T61"]
[Site "Internet Chess Club"]
[Date "2014.06.13"]
[Round "3"]
[White "Buford-Julep"]
[Black "noblitz-oblige"]
[Result "0-1"]
[WhiteElo "1702"]
[BlackElo "1661"]
[Opening "Kevitz-Trajkovich defense"]
[ECO "A50"]
[Time "10:02:06"]
[TimeControl "2700+45"]

1. d4 Nf6 2. c4 Nc6 3. Nc3 e5 4. Nf3 exd4 5. Nxd4 Ne7 6. e4 Ng6 7. Bd3 a6 8. O-O
Bc5 9. Bc2 d6 10. Kh1 O-O 11. f4 Ng4 12. g3 c6 13. a3 Qf6 14. Nce2 Ne7 15. h3
Qh6 16. Kg2 Nf6 17. g4 Ng6 18. f5 Qh4 19. Nf3 Nxe4 20. Nxh4 Nxh4+ 21. Kh2 Nf2
22. Qe1 Nf3+ 23. Kg3 Nxe1 24. Rxe1 d5 25. cxd5 cxd5 26. Nc3 d4 27. Nd5 Bd7 28.
b4 Ba7 29. Bb2 d3 30. Bd1 Rfe8 31. Bf3 d2 32. Rf1 Nd3 33. Bc3 Ne1 34. Nc7 Re3
35. Bxd2 Rxf3+ 36. Rxf3 Nxf3 37. Nxa8 Nxd2 38. Rd1 Ne4+ 39. Kf4 Nf6 40. g5 Bb8+
41. Ke3 Ba7+ 42. Ke2 Bb5+ 43. Ke1 Ne8 44. Rd8 Kf8 45. Kd2 Ke7 46. Rd5 Bc6 47.
Rd3 b5 48. Nc7 Nxc7 49. Rc3 Kd6 50. h4 Be3+ 51. Rxe3 Nd5 52. Rd3 Ke5 53. Rg3
Kxf5 54. Kd3 Nf4+ 55. Kd2 Nh5 56. Rc3 Bd5 57. Rc5 Nf4 58. Ke3 Ke5 59. a4 bxa4
60. Ra5 Ng2+ 61. Kd3 Nxh4 62. Rxa4 Bc6 63. Ra5+ Bb5+ 64. Ke3 Kf5 65. Ra1 Kxg5
66. Rg1+ Kf6 67. Kf4 h6 68. Kg4 g5 69. Rc1 Kg6 70. Rc5 h5+ {White resigns} 0-1

[Event "Team 45 45 League T61"]
[Site "Internet Chess Club"]
[Date "2014.06.15"]
[Round "3"]
[White "John3v16"]
[Black "bayoumicardio10"]
[Result "1-0"]
[WhiteElo "1679"]
[BlackElo "1534"]
[Opening "Pirc: Holmov system"]
[ECO "B07"]
[Time "14:03:43"]
[TimeControl "2700+45"]

1. e4 d6 2. d4 Nf6 3. Nc3 g6 4. Bc4 Bg7 5. Bb3 Nc6 6. Nge2 e5 7. dxe5 Nxe5 8. h3
h5 9. Bg5 b6 10. f4 Ned7 11. Bd5 Rb8 12. Qd2 O-O 13. O-O-O Qe8 14. Bc6 Nxe4 15.
Nxe4 Bb7 16. Bxb7 Rxb7 17. Qd5 Rb8 18. Nd4 Bxd4 19. Qxd4 Kh7 20. Rhe1 Qc8 21.
Nf6+ Nxf6 22. Bxf6 Qf5 23. Re7 Qa5 24. a3 c5 25. Qc3 Qxc3 26. Bxc3 Rbd8 27. Rxa7
d5 28. Bf6 Rd6 29. Be7 {Black resigns} 1-0

[Event "Team 45 45 League T61"]
[Site "Internet Chess Club"]
[Date "2014.06.11"]
[Round "3"]
[White "pauliewoll"]
[Black "Beefstick"]
[Result "0-1"]
[WhiteElo "1537"]
[BlackElo "1775"]
[Opening "Scandinavian defense"]
[ECO "B01"]
[Time "16:00:16"]
[TimeControl "2700+45"]

1. e4 d5 2. exd5 Nf6 3. d4 c6 4. dxc6 e5 5. Bb5 Nxc6 6. dxe5 Qxd1+ 7. Kxd1 Ng4
8. Be3 Nxe5 9. Nc3 Ng4 10. Nf3 Nxe3+ 11. fxe3 Bc5 12. Na4 Bxe3 13. Re1 O-O 14.
Rxe3 Nb4 15. a3 Nd5 16. Rd3 Nf4 17. Rd2 Bg4 18. Nc5 b6 19. Nd3 Nxg2 20. Ne1 Nxe1
21. Kxe1 Bxf3 22. Kf2 Bb7 23. Rd7 Be4 24. c4 a6 25. Ba4 Rac8 26. Rd4 Bf5 27.
Rad1 Be6 28. b3 Rc5 29. Bd7 b5 30. Bxe6 fxe6+ 31. Ke3 bxc4 32. bxc4 e5 33. Re4
Rfc8 34. Rd5 Rxc4 35. Rxc4 Rxc4 36. Ra5 Rc6 37. Ke4 Re6 38. Rd5 Kf7 39. Rd7+ Kf6
40. Rd5 g5 41. Rd1 h5 42. Rf1+ Kg6 43. Rf5 h4 44. h3 Rf6 45. Rxe5 Rf4+ 46. Ke3
Ra4 {White resigns} 0-1

[Event "Team 45 45 League T61"]
[Site "Internet Chess Club"]
[Date "2014.06.14"]
[Round "3"]
[White "leopardc"]
[Black "SirIvanhoe"]
[Result "0-1"]
[WhiteElo "1601"]
[BlackElo "1683"]
[Opening "Caro-Kann defense"]
[ECO "B10"]
[Time "19:30:00"]
[TimeControl "2700+45"]

1. e4 c6 2. f4 d5 3. exd5 cxd5 4. Nf3 Bg4 5. d4 Nf6 6. Nc3 e6 7. Be2 a6 8. O-O
Be7 9. h3 Bh5 10. Ne5 Bxe2 11. Qxe2 Qb6 12. Qd3 Nc6 13. Be3 Qc7 14. a3 Rc8 15.
Rac1 Na5 16. f5 Nc4 17. fxe6 fxe6 18. Nxc4 Qxc4 19. Qd1 Bxa3 20. Rxf6 gxf6 21.
Qh5+ Ke7 22. Nxd5+ Qxd5 23. Qxd5 exd5 24. bxa3 Rc3 25. Bd2 Rc6 26. a4 Rc4 27. a5
Rxd4 28. Be3 Rc4 29. c3 Rhc8 30. Bd4 {White resigns} 0-1

[Event "Team 45 45 League T61"]
[Site "Internet Chess Club"]
[Date "2014.06.13"]
[Round "3"]
[White "justice02"]
[Black "Chess-Boy"]
[Result "1-0"]
[WhiteElo "1773"]
[BlackElo "1650"]
[Opening "Réti opening"]
[ECO "A11"]
[Time "22:01:31"]
[TimeControl "2700+45"]

1. Nf3 d5 2. c4 c6 3. g3 Nf6 4. Bg2 e6 5. O-O Nbd7 6. d4 Bd6 7. Nc3 O-O 8. e4
dxe4 9. Ng5 e5 10. Ncxe4 Qe7 11. c5 Bc7 12. b4 h6 13. Nxf6+ Nxf6 14. Ne4 Nxe4
15. Bxe4 exd4 16. Qxd4 Be5 17. Qe3 f5 18. Bc2 Re8 19. Rb1 Bc7 20. Qf3 Qf7 21.
Bb2 Be6 22. a4 Rad8 23. Rfe1 g6 24. Qc3 Kh7 25. Rxe6 Rxe6 26. Bb3 {Black
resigns} 1-0

[Event "Team 45 45 League T61"]
[Site "Internet Chess Club"]
[Date "2014.06.15"]
[Round "3"]
[White "drsigmund1"]
[Black "Grenadier"]
[Result "1-0"]
[WhiteElo "1556"]
[BlackElo "1608"]
[Opening "Queen's bishop game"]
[ECO "D00"]
[Time "20:00:24"]
[TimeControl "2700+45"]

1. d4 d5 2. Bf4 Nf6 3. Nf3 Bg4 4. e3 e6 5. Be2 Nbd7 6. Nbd2 c5 7. c3 Be7 8. h3
Bh5 9. Bd3 Bg6 10. Bb5 a6 11. Ba4 b5 12. Bc2 Bxc2 13. Qxc2 cxd4 14. exd4 O-O 15.
O-O Nb6 16. Ne5 Nc4 17. Nc6 Qd7 18. Nxe7+ Qxe7 19. Nb3 Nd7 20. Nc1 Rac8 21. Nd3
Rc6 22. a4 Rfc8 23. axb5 axb5 24. Ra7 Qe8 25. Rfa1 e5 26. dxe5 Ndxe5 27. Re1 f6
28. Bg3 Qg6 29. Nb4 Qxc2 30. Nxc2 R6c7 31. Ra2 Re7 32. Rd1 Rd8 33. Nd4 Rb7 34.
b3 Nd6 35. Ne6 Re8 36. Nc5 Rc7 37. Rxd5 Nf5 38. Bf4 Nd6 39. Na6 Rc6 40. Nb4 Rb6
41. Be3 Ne4 42. Bxb6 Nxc3 43. Rad2 Nxd5 44. Rxd5 Rc8 45. Rd8+ Rxd8 46. Bxd8 Kf7
47. Bc7 Nd7 48. Nd3 Ke6 49. b4 Kd5 50. Bf4 Kc4 51. Nc1 Kxb4 52. Kf1 Kc4 53. Ke2
b4 54. Kd2 b3 55. Nd3 Nb6 56. Nb2+ Kb4 57. Bd6+ Kb5 58. Bf8 g6 59. Kc3 Na4+ 60.
Kxb3 Nb6 61. Nc4 Nd5 62. Ne3 Nf4 63. Bg7 f5 64. Bh6 Ne6 65. Kc3 Kc5 66. Kd3 Kd6
67. Kc4 Ke5 68. Nd5 g5 69. g3 f4 70. h4 fxg3 71. fxg3 gxh4 72. gxh4 Kf5 73. Bd2
Kg4 74. Be1 Ng7 75. Nf6+ Kf5 76. Nxh7 Kg6 77. Nf8+ Kh5 78. Nh7 Kg6 79. Ng5 Nf5
80. Nf3 Kh5 81. Kd3 Nh6 82. Ke4 Ng4 83. Kf5 Nh6+ 84. Kf4 Ng4 85. Kg3 Ne3 86. Nh2
Nf5+ 87. Kh3 Nd4 88. Nf1 Nc2 89. Bd2 Nd4 90. Ng3+ Kg6 91. h5+ Kh7 92. Kg4 Ne6
93. h6 Nd4 94. Nf5 Ne6 95. Kh5 Nf8 96. Ng7 Nd7 97. Ne6 Nf6+ 98. Kh4 Kg8 99. Ng5
Nh7 100. Nxh7 Kxh7 101. Kh5 {Black resigns} 1-0

[Event "Team 45 45 League T61"]
[Site "Internet Chess Club"]
[Date "2014.06.16"]
[Round "3"]
[White "bmw2002"]
[Black "CaptK"]
[Result "1/2-1/2"]
[WhiteElo "1593"]
[BlackElo "1653"]
[Opening "English, 1...Nf6 (Anglo-Indian defense)"]
[ECO "A15"]
[Time "23:04:49"]
[TimeControl "2700+45"]

1. c4 Nf6 2. g3 g6 3. Bg2 Bg7 4. Nc3 d6 5. Nf3 O-O 6. O-O e5 7. d3 Nbd7 8. Bd2
Rb8 9. Rb1 a5 10. Nb5 b6 11. b4 axb4 12. Bxb4 Nc5 13. d4 exd4 14. Nfxd4 Bb7 15.
Nc6 Bxc6 16. Bxc6 Qe7 17. Nd4 Ng4 18. Bf3 Ne5 19. Bg2 Ne6 20. Nc6 Nxc6 21. Bxc6
Nd4 22. Bf3 Nxf3+ 23. exf3 Ra8 24. Re1 Qf6 25. Qb3 Qd4 26. Re4 Qf6 27. Rbe1 Qd8
28. Bd2 Qd7 29. Re7 Qc6 30. R1e2 Rfe8 31. Rxe8+ Rxe8 32. Rxe8+ Qxe8 33. Be3 Qe5
34. a4 Kf8 35. Qb5 Qxb5 36. axb5 Ke7 37. Kf1 Ke6 38. Ke2 d5 39. Kd3 f5 40. g4
Be5 41. f4 Bg7 42. gxf5+ gxf5 43. c5 bxc5 44. Bxc5 Bh6 {Game drawn by mutual
agreement} 1/2-1/2

[Event "Team 45 45 League T61"]
[Site "Internet Chess Club"]
[Date "2014.06.14"]
[Round "3"]
[White "sdcohle"]
[Black "BrerRabbit"]
[Result "1/2-1/2"]
[WhiteElo "1406"]
[BlackElo "1513"]
[Opening "Old Indian defense"]
[ECO "A42"]
[Time "21:02:16"]
[TimeControl "2700+45"]

1. d4 d6 2. c4 e5 3. dxe5 dxe5 4. Qxd8+ Kxd8 5. Nc3 f6 6. Nf3 Be6 7. e3 Nd7 8.
Be2 c6 9. O-O Kc7 10. Rd1 Rd8 11. b3 Bb4 12. Bb2 Ne7 13. a3 Bxc3 14. Bxc3 Nc5
15. b4 Na4 16. Be1 Nb2 17. Rdc1 Nd3 18. Bxd3 Rxd3 19. c5 Rhd8 20. Kf1 Bb3 21.
Rab1 Ba4 22. Ra1 Bb3 23. Bc3 Nd5 24. Be1 Ne7 {Game drawn by repetition} 1/2-1/2

[Event "Team 45 45 League T61"]
[Site "Internet Chess Club"]
[Date "2014.06.17"]
[Round "3"]
[White "Iletrado"]
[Black "JasonModer"]
[Result "1/2-1/2"]
[WhiteElo "1844"]
[BlackElo "1740"]
[Opening "QGD: Orthodox defense, Botvinnik variation"]
[ECO "D60"]
[Time "18:02:07"]
[TimeControl "2700+45"]

1. d4 d5 2. Nf3 Nf6 3. c4 e6 4. Nc3 Nbd7 5. Bg5 Be7 6. e3 O-O 7. Bd3 b6 8. O-O
Bb7 9. Rc1 dxc4 10. Bxc4 c5 11. Qe2 Rc8 12. Rfd1 Bxf3 13. gxf3 Nd5 14. Bxe7 Qxe7
15. Ba6 Nxc3 16. Rxc3 Rc6 17. Bb5 Qg5+ 18. Kh1 Rd6 19. Bxd7 Rxd7 20. dxc5 Rxd1+
21. Qxd1 bxc5 22. f4 Qh4 23. Qf3 Qe7 24. Qh5 Qb7+ 25. Kg1 Qxb2 26. Qxc5 Qb1+ 27.
Kg2 Qxa2 28. Ra3 Qe2 29. Rxa7 Qg4+ 30. Kf1 Rd8 31. Qd6 Rc8 32. Rc7 Ra8 33. Ra7
Rc8 34. Rc7 Ra8 35. Ra7 Qf3 36. Rxa8+ Qxa8 37. Kg1 g6 38. Qd4 Qa5 39. Kg2 f5 40.
Qd7 Qa8+ 41. Kg3 Qd5 42. Qe8+ Kg7 43. Qe7+ {Game drawn by mutual agreement}
1/2-1/2

[Event "Team 45 45 League T61"]
[Site "Internet Chess Club"]
[Date "2014.06.11"]
[Round "3"]
[White "vjbaker"]
[Black "QuieroAprender"]
[Result "0-1"]
[WhiteElo "1687"]
[BlackElo "1721"]
[Opening "Ruy Lopez: exchange variation, 5.O-O"]
[ECO "C68"]
[Time "20:18:08"]
[TimeControl "2700+45"]

1. e4 e5 2. Nf3 Nc6 3. Bb5 a6 4. Bxc6 dxc6 5. O-O Bg4 6. d3 Qf6 7. Nbd2 Bd6 8.
Re1 O-O-O 9. h3 Bh5 10. b3 g5 11. g4 Bg6 12. Nc4 h6 13. c3 Qe6 14. Nxd6+ cxd6
15. c4 f6 16. Nh2 h5 17. Re3 hxg4 18. hxg4 Rh4 19. Rg3 Rd7 20. Qf3 Rdh7 21. Nf1
Ne7 22. Ne3 c5 23. a3 Nc6 24. Bb2 b5 25. Bc3 Nd4 26. Bxd4 exd4 27. Nd5 Be8 28.
Kf1 bxc4 29. Nb6+ Kb7 30. Nxc4 Bd7 31. e5+ d5 32. Re1 Rh1+ 33. Rg1 Rxg1+ 34.
Kxg1 Qxg4+ 35. Qxg4 Bxg4 36. Nd6+ Kc6 37. f3 Bxf3 38. Kf2 g4 39. Nf5 fxe5 40.
Rxe5 Kd7 41. b4 cxb4 42. axb4 Rh2+ 43. Ke1 Rb2 44. Re7+ Kd8 45. Rb7 a5 46. b5 a4
47. Nxd4 a3 48. Nc6+ Kc8 49. Ra7 a2 50. Ne7+ Kb8 51. Nc6+ Kc8 52. Ne7+ Kd8 53.
Nc6+ Ke8 54. b6 Rxb6 55. Ra8+ Kd7 56. Ne5+ Kd6 57. Nxf3 Rb1+ 58. Kf2 a1=Q 59.
Rxa1 Rxa1 60. Nh2 Ra2+ 61. Kg3 Rxh2 62. Kxh2 Ke5 63. Kg3 Kf5 64. d4 Kg5 65. Kg2
Kf4 66. Kf2 Ke4 67. Kg3 Kxd4 68. Kxg4 Ke3 69. Kg3 d4 70. Kg2 Ke2 71. Kg3 d3 72.
Kg2 d2 73. Kg3 d1=Q 74. Kg2 Qf1+ 75. Kh2 Qf4+ 76. Kg2 Qg4+ 77. Kh2 Kf2 78. Kh1
Qh3# {White checkmated} 0-1

[Event "Team 45 45 League T61"]
[Site "Internet Chess Club"]
[Date "2014.06.15"]
[Round "3"]
[White "edwspin"]
[Black "tornado100"]
[Result "1/2-1/2"]
[WhiteElo "1520"]
[BlackElo "1479"]
[Opening "QGD semi-Slav: 5.e3"]
[ECO "D45"]
[Time "16:01:36"]
[TimeControl "2700+45"]

1. d4 d5 2. c4 c6 3. Nc3 Nf6 4. Nf3 e6 5. e3 Bd6 6. c5 Bc7 7. b4 Nbd7 8. Bb2 O-O
9. Bd3 Re8 10. Ne2 e5 11. dxe5 Nxe5 12. Nxe5 Bxe5 13. Bxe5 Rxe5 14. O-O Qc7 15.
Qc2 Bd7 16. Ng3 Ree8 17. Rae1 Rad8 18. f3 Be6 19. a3 b6 20. Bf5 b5 21. Rf2 a5
22. Rd2 a4 23. Rd4 h6 24. Qd1 Nd7 25. f4 Nf6 26. Bc2 Ra8 27. Nh5 Qe7 28. Nxf6+
Qxf6 29. Qd3 g6 30. Qf1 Bf5 31. Bxf5 Qxf5 32. Qf3 Re4 33. g4 Qe6 34. f5 gxf5 35.
gxf5 Qe5 36. Rd2 Re8 37. Rg2+ Kh7 38. f6 Rg8 39. Rxg8 Kxg8 40. Re2 Qa1+ 41. Kf2
Qe5 42. Kg2 d4 43. Kh1 {Game drawn by mutual agreement} 1/2-1/2

[Event "Team 45 45 League T61"]
[Site "Internet Chess Club"]
[Date "2014.06.13"]
[Round "3"]
[White "wildcat2023"]
[Black "ElMarginal"]
[Result "0-1"]
[WhiteElo "1497"]
[BlackElo "1501"]
[Opening "Caro-Kann: advance variation"]
[ECO "B12"]
[Time "19:34:07"]
[TimeControl "2700+45"]

1. e4 c6 2. d4 d5 3. e5 Bf5 4. g4 Bg6 5. h4 h6 6. h5 Bh7 7. f3 e6 8. c4 Be7 9.
c5 Bh4+ 10. Ke2 f5 11. Qb3 b6 12. cxb6 axb6 13. f4 fxg4 14. Nc3 Nd7 15. Kd1 Bf2
16. Nge2 Bd3 17. Rh2 g3 18. Nxg3 Bxg3 19. Rg2 Qh4 20. Bd2 Bxf1 21. Rg1 Bc4 22.
Qb4 c5 23. dxc5 bxc5 24. Qb7 Rd8 25. Kc2 d4 26. Ne4 Bd5 27. Nd6+ Ke7 28. Qc7 Qh2
29. Nc8+ Rxc8 30. Qxc8 Be4+ 31. Kb3 c4+ 32. Ka3 Qxd2 33. Qc7 Qd3+ 34. b3 c3 35.
Qd6+ Kd8 36. Rad1 Qb5 37. b4 Bc6 38. Kb3 Qa4+ 39. Kc4 Qb5+ 40. Kxd4 Bf2+ 41.
Kxc3 Bxg1 42. Rxg1 Bd5 43. Rxg7 Qc4+ 44. Kd2 Qxf4+ 45. Kd1 Bf3+ 46. Kc2 Qc4+ 47.
Kb2 Qe2+ 48. Kb3 Qd1+ 49. Qxd1 Bxd1+ 50. Kc3 Nxe5 51. b5 Ne7 52. Kd4 Nd7 53. Kc4
Bxh5 54. a4 Nb6+ 55. Kb4 Ned5+ 56. Ka5 Nxa4 57. Kxa4 Be8 58. Rb7 Kc8 59. Ra7
Nc3+ 60. Kb4 Nxb5 61. Kc5 Nxa7 {White resigns} 0-1

[Event "Team 45 45 League T61"]
[Site "Internet Chess Club"]
[Date "2014.06.16"]
[Round "3"]
[White "portis2"]
[Black "zap2"]
[Result "0-1"]
[WhiteElo "1657"]
[BlackElo "1800"]
[Opening "Queen's Indian: Nimzovich variation (exaggerated fianchetto)"]
[ECO "E15"]
[Time "05:05:58"]
[TimeControl "2700+45"]

1. d4 Nf6 2. c4 e6 3. Nf3 b6 4. g3 Ba6 5. b3 Bb4+ 6. Bd2 Be7 7. Bg2 c6 8. Nc3 d5
9. Ne5 O-O 10. O-O Bb7 11. cxd5 Nxd5 12. Nxd5 cxd5 13. Rc1 Ba3 14. Rc2 f6 15.
Nc4 Be7 16. Bf4 Nc6 17. Nb2 g5 18. Nd3 gxf4 19. Nxf4 Qd7 20. Bh3 f5 21. e3 Ba6
22. Re1 Bb4 {White resigns} 0-1

[Event "Team 45 45 League T61"]
[Site "Internet Chess Club"]
[Date "2014.06.15"]
[Round "3"]
[White "Bleddyn"]
[Black "Schachteufel"]
[Result "1-0"]
[WhiteElo "1654"]
[BlackElo "1535"]
[Opening "English, 1...Nf6 (Anglo-Indian defense)"]
[ECO "A15"]
[Time "11:04:34"]
[TimeControl "2700+45"]

1. c4 Nf6 2. g3 g6 3. Bg2 Bg7 4. Nc3 O-O 5. Nf3 d6 6. O-O e5 7. d3 Nbd7 8. Qb3
Nc5 9. Qc2 a5 10. a3 Ng4 11. h3 Nh6 12. Be3 b6 13. Nxe5 Bxh3 14. Nxf7 Nxf7 15.
Bxh3 Qe7 16. Nd5 Qe5 17. d4 Qh5 18. Nf4 {Black resigns} 1-0

[Event "Team 45 45 League T61"]
[Site "Internet Chess Club"]
[Date "2014.06.15"]
[Round "3"]
[White "krysto"]
[Black "kutch"]
[Result "1-0"]
[WhiteElo "1566"]
[BlackElo "1470"]
[Opening "Nimzo-Indian: 4.e3"]
[ECO "E40"]
[Time "12:19:25"]
[TimeControl "2700+45"]

1. d4 Nf6 2. c4 e6 3. Nc3 Bb4 4. e3 d5 5. Bd3 Nbd7 6. Nf3 c5 7. O-O cxd4 8. exd4
Bxc3 9. bxc3 h6 10. Ba3 Nb6 11. cxd5 Nbxd5 12. c4 Ne7 13. Qa4+ Bd7 14. Qb4 a5
15. Qxb7 Bc6 16. Qxe7+ Qxe7 17. Bxe7 Kxe7 18. Ne5 Bb7 19. Rab1 Rhb8 20. Rb6 Nd7
21. Nxd7 Kxd7 22. Rfb1 Kc7 23. f3 Bc6 24. Rxb8 Rxb8 25. Rxb8 Kxb8 26. Be4 Kc7
27. Bxc6 Kxc6 28. Kf2 f6 29. Ke3 Kb6 30. f4 g6 31. g4 Kc6 32. Ke4 Kd6 33. a4 f5+
34. gxf5 exf5+ 35. Kd3 g5 36. Ke3 g4 37. Kf2 h5 38. Kg3 Ke6 39. Kh4 Kf6 40. Kxh5
Ke7 41. Kg5 Ke6 42. d5+ {Black resigns} 1-0

[Event "Team 45 45 League T61"]
[Site "Internet Chess Club"]
[Date "2014.06.14"]
[Round "3"]
[White "seattleblues"]
[Black "Berke"]
[Result "1/2-1/2"]
[WhiteElo "1418"]
[BlackElo "1596"]
[Opening "Queen's pawn game"]
[ECO "A46"]
[Time "16:01:07"]
[TimeControl "2700+45"]

1. d4 Nf6 2. Nf3 e6 3. Bf4 Nh5 4. Be5 d6 5. Bg3 Be7 6. e3 Bd7 7. Bd3 c5 8. c3
cxd4 9. exd4 Qb6 10. Qb3 Qxb3 11. axb3 O-O 12. Nbd2 Nxg3 13. hxg3 h6 14. Ne4 d5
15. Nc5 Bc6 16. Ne5 b6 17. Nxc6 Nxc6 18. Nd7 Rfd8 19. Bb5 Na5 20. b4 Nc4 21.
Bxc4 Rxd7 22. Bb5 Rc7 23. f4 Rac8 24. Ke2 Bd6 25. Ra2 Re7 26. Rha1 Rcc7 27. Kd3
g5 28. Rf1 gxf4 29. gxf4 Kg7 30. g3 f5 {Game drawn by mutual agreement} 1/2-1/2

[Event "Team 45 45 League T61"]
[Site "Internet Chess Club"]
[Date "2014.06.13"]
[Round "3"]
[White "frank001"]
[Black "meduzo"]
[Result "0-1"]
[WhiteElo "1724"]
[BlackElo "1612"]
[Opening "Sicilian: Canal-Sokolsky attack, 3...Bd7"]
[ECO "B52"]
[Time "03:01:20"]
[TimeControl "2700+45"]

1. e4 c5 2. Nf3 d6 3. Bb5+ Bd7 4. Bxd7+ Nxd7 5. O-O Ngf6 6. Qe2 e6 7. c3 Be7 8.
d4 cxd4 9. cxd4 O-O 10. Nc3 Rc8 11. h3 Qb6 12. a3 Qb3 13. Bf4 d5 14. exd5 Nxd5
15. Nxd5 Qxd5 16. Rad1 Bf6 17. Rfe1 Rc4 18. Qe3 Rd8 19. Re2 Nb6 20. Red2 Rdc8
21. Be5 Nd7 22. Bxf6 Nxf6 23. Ne5 Rc1 24. Nd3 Rxd1+ 25. Rxd1 Qb3 26. Rd2 Nd5 27.
Qe2 Qc4 28. Qe4 b6 29. Kh2 a5 30. Ne1 Qc7+ 31. g3 Nf6 32. Qd3 Rd8 33. Nf3 Qb7
34. Rc2 Rc8 35. Re2 Nd5 36. Re4 h6 37. Re1 Qc7 38. Ne5 Qc2 39. Qf3 Rc7 40. Re2
Qd1 41. Qd3 Qxd3 42. Nxd3 Rc4 43. Re4 Rc2 44. Kg2 Rd2 45. Ne5 Rxb2 46. Nc4 Rb3
47. f4 b5 48. Nd6 Rxa3 49. Nxb5 Rb3 50. Nd6 a4 51. Re1 a3 52. Ra1 Nc3 53. Nc4 a2
{White resigns} 0-1

[Event "Team 45 45 League T61"]
[Site "Internet Chess Club"]
[Date "2014.06.14"]
[Round "3"]
[White "pokerram"]
[Black "OneDirection"]
[Result "1/2-1/2"]
[WhiteElo "1666"]
[BlackElo "1529"]
[Opening "King's Indian: Averbakh system"]
[ECO "E73"]
[Time "16:00:31"]
[TimeControl "2700+45"]

1. d4 Nf6 2. c4 g6 3. Nc3 Bg7 4. e4 d6 5. Be2 O-O 6. Bg5 Re8 7. h3 e5 8. dxe5
dxe5 9. Qxd8 Rxd8 10. Nd5 Nbd7 11. Nxc7 Rb8 12. Rd1 h6 13. Bxf6 Bxf6 14. Nd5 Bg7
15. Ne7+ Kf8 16. Nxc8 Rbxc8 17. Nf3 Nc5 18. Nd2 Na4 19. Bg4 Nxb2 20. Rb1 Nd3+
21. Kf1 Rc7 22. Be2 Nf4 23. g3 Rxd2 24. gxf4 Rxa2 25. f5 Rd2 26. fxg6 fxg6 27.
h4 Kf7 28. Ke1 Rd4 29. f3 Bf6 30. Kf2 g5 31. hxg5 Bxg5 32. Rbg1 Kf6 33. Ra1 a6
34. Rhb1 Ke7 35. Ra5 Bf4 36. Rg1 Kf7 37. Rd5 Rxd5 38. exd5 Rd7 39. Bd3 b5 40.
cxb5 axb5 41. Bxb5 Rxd5 42. Bc4 Ke6 43. Bxd5+ Kxd5 44. Ke2 Kd4 45. Rd1+ Kc5 46.
Kd3 Kd6 47. Ke4+ Ke6 48. Rb1 Kf6 49. Rb6+ Kg5 50. Rb8 Kf6 51. Rf8+ Kg5 52. Rg8+
Kf6 53. Rg4 h5 54. Rg8 h4 55. Rf8+ Kg7 56. Ra8 h3 57. Kf5 h2 58. Ra1 Kh6 59. Kg4
Kg6 60. Rh1 Kf6 61. Kh3 Kf5 62. Kg2 Kg5 63. Rb1 Kf5 64. Rb5 Ke6 65. Ra5 {Game
drawn by mutual agreement} 1/2-1/2

[Event "Team 45 45 League T61"]
[Site "Internet Chess Club"]
[Date "2014.06.15"]
[Round "3"]
[White "SALJOMA"]
[Black "DaveTheRook"]
[Result "1-0"]
[WhiteElo "1482"]
[BlackElo "1602"]
[Opening "Robatsch defense: two knights, Suttles variation"]
[ECO "B07"]
[Time "19:00:26"]
[TimeControl "2700+45"]

1. e4 d6 2. d4 g6 3. Nf3 Bg7 4. Nc3 c6 5. Be3 Nf6 6. Bc4 b5 7. Bd3 O-O 8. O-O a6
9. Qd2 Re8 10. Bh6 e5 11. Bxg7 Kxg7 12. dxe5 dxe5 13. Qe2 Nbd7 14. Rfd1 Qe7 15.
Nb1 Nh5 16. g3 Ndf6 17. Kg2 Bg4 18. Nbd2 Qd7 19. Qe3 Bh3+ 20. Kg1 Bg4 21. c4
Rad8 22. Nb3 Bxf3 23. Qxf3 Qh3 24. Rac1 Nf4 25. Bf1 Qh5 26. Qxh5 N4xh5 27. Na5
Nxe4 28. Rxd8 Rxd8 29. Nxc6 Rd2 30. Bg2 Nhf6 31. Nxe5 bxc4 32. Nxc4 Nxf2 33.
Nxd2 {Black resigns} 1-0

[Event "Team 45 45 League T61"]
[Site "Internet Chess Club"]
[Date "2014.06.14"]
[Round "3"]
[White "idjit"]
[Black "Andressa"]
[Result "0-1"]
[WhiteElo "1610"]
[BlackElo "1486"]
[Opening "Scotch: Schmidt variation"]
[ECO "C45"]
[Time "13:15:32"]
[TimeControl "2700+45"]

1. e4 e5 2. Nf3 Nc6 3. d4 exd4 4. Nxd4 Nf6 5. Nc3 Be7 6. Nf5 O-O 7. Nxe7+ Qxe7
8. Bg5 h6 9. Bxf6 Qxf6 10. Bc4 Ne5 11. Bb3 d6 12. Nd5 Qd8 13. Qd4 c6 14. Ne3 Be6
15. O-O-O Bxb3 16. axb3 Qh4 17. g3 Qe7 18. f4 Nf3 19. Qxd6 Qxe4 20. Qd3 Rfe8 21.
Nc4 Qe2 22. Qd7 Re7 23. Qg4 Nxh2 24. Qh3 Nf3 25. Rhf1 Re4 26. Rd7 Nd4 27. Nd2
Qe1+ {White resigns} 0-1

[Event "Team 45 45 League T61"]
[Site "Internet Chess Club"]
[Date "2014.06.11"]
[Round "3"]
[White "CuatroPrincesas"]
[Black "RobertStephen"]
[Result "1/2-1/2"]
[WhiteElo "2204"]
[BlackElo "1999"]
[Opening "Scotch: Schmidt variation"]
[ECO "C45"]
[Time "16:09:42"]
[TimeControl "2700+45"]

1. e4 e5 2. Nf3 Nc6 3. d4 exd4 4. Nxd4 Nf6 5. Nc3 Bb4 6. Nxc6 bxc6 7. Bd3 d5 8.
exd5 cxd5 9. O-O O-O 10. Bg5 c6 11. Na4 Qd6 12. Bh4 Re8 13. c4 Ne4 14. a3 Ba5
15. Bxe4 Rxe4 16. Bg3 Qd8 17. b4 Bb6 18. c5 Bc7 19. Re1 Rxe1+ 20. Qxe1 Bxg3 21.
hxg3 Ba6 22. Qe5 Qd7 23. Qd4 Re8 24. Nc3 Bc4 25. Rb1 h6 26. f3 Kh7 27. Kf2 Qf5
28. Rc1 a6 29. g4 Qg5 30. Rd1 Qh4+ {Game drawn by mutual agreement} 1/2-1/2